 Dungeon Crawl Stone Soup version 0.30.0-11-gf55b779eaf (webtiles) character file.

Game seed: 17502105983332959770

46 Demosthentine the Ducker (level 3, -7/28 HPs)
             Began as a Demonspawn Gladiator on May 16, 2023.
             Mangled by a gnoll
             ... wielding a +0 club
              (8 damage)
             ... on level 2 of the Dungeon.
             The game lasted 00:00:57 (889 turns).

Demosthentine the Ducker (Demonspawn Gladiator)      Turns: 889, Time: 00:00:57

Health: -7/28      AC:  5    Str: 16    XL:     3   Next: 46%
Magic:  3/3        EV:  6    Int:  9    God:
Gold:   48         SH:  0    Dex: 14    Spells: 2/2 levels left

rFire   . . .        a - +0 trident
rCold   . . .        (no shield)
rNeg    . . .        b - +0 leather armour
rPois   .            c - +0 helmet
rElec   .            (no cloak)
rCorr   .            (no gloves)
SInv    .            (no boots)
Will    .....        (no amulet)
Stlth   +            (no ring)
HPRegen 0.24/turn    (no ring)
MPRegen 0.08/turn

%: no passive effects
@: held
A: foul stench 1, sharp scales 1
a: no special abilities


You were on level 2 of the Dungeon.
You visited 1 branch of the dungeon, and saw 2 of its levels.

You collected 48 gold pieces.

Inventory:

Hand Weapons
 a - a +0 trident (weapon)
Missiles
 d - 3 throwing nets (quivered)
 e - a javelin
 h - 6 datura-tipped darts
Armour
 b - a +0 leather armour (worn)
 c - a +0 helmet (worn)
Potions
 i - 3 potions of curing
 j - a potion of ambrosia


   Skills:
 + Level 2.5 Fighting
 + Level 3.1 Polearms
 - Level 1.7 Throwing
 + Level 1.2 Armour
 + Level 3.1 Dodging


You had 2 spell levels left.
You didn't know any spells.
Your spell library was empty.

Dungeon Overview and Level Annotations

Branches:
Dungeon (2/15)

Altars:


Innate Abilities, Weirdness & Mutations

You may rarely emit foul miasma when damaged in melee.
You are partially covered in razor-sharp scales. (AC +1, Slay +1)


Message History

The bat barely misses you. The gnoll hits you but does no damage.
The gnoll misses you. The gnoll attacks as you move away!
The gnoll barely misses you. The gnoll attacks as you move away!
The gnoll barely misses you.
A bat comes into view.
The bat moves out of view.
The gnoll attacks as you move away! The gnoll barely misses you.
The bat barely misses you.
There is a stone staircase leading up here.
You puncture the gnoll!
The gnoll is almost dead.
The bat closely misses you. The gnoll hits you with a +0 club.
You closely miss the gnoll.
The gnoll is almost dead.
The bat hits you but does no damage.
The gnoll throws a throwing net.
The throwing net completely misses you. The gnoll hits you with a +0 club!
You barely miss the gnoll.
The gnoll is almost dead.
The bat misses you. The gnoll hits you with a +0 club.
You hit the gnoll.
You kill the gnoll!
The bat hits you.
You emit a cloud of foul miasma!
The bat is engulfed in dark miasma.
The bat is poisoned.
The gnoll hits you but does no damage.
A gnoll comes into view. It is wielding a +0 flail.
The gnoll misses you.
The gnoll shouts!
You hit the bat.
You kill the bat!
The gnoll hits you from afar with a +0 spear.
The gnoll hits you with a +0 club.
The gnoll throws a throwing net.
The throwing net hits you.
You become entangled in the net!
You stop ascending the stairs.
Unknown command.
You struggle against the net.
The gnoll hits you with a +0 club.
* * * LOW HITPOINT WARNING * * *
The gnoll hits you from afar with a +0 spear.
* * * LOW HITPOINT WARNING * * *
You struggle against the net.
The gnoll hits you with a +0 club!
You die...

.#####.#.. .#.#
......#.. #...#.
##g.?.#.. ..#...
#...#.#.# ####....#.
#..#..#.# #.........
#.....#.# #.#.....
..#$....#.###.#..####.#
...........g.g).......#
.....###)####..☼@######
..... #.###...#g.......
.... #.....#......####
.... ###.#.###.##.#
...#.# #.# .# .....#..
..# # .......#######
.......# .......#


You could see 3 gnolls.

Vanquished Creatures
  A gnoll (D:2)
  3 dart slugs (D:1)
  4 endoplasms (D:1)
  A giant cockroach (D:1)
  2 kobolds
  3 quokkas
  3 ball pythons (D:1)
  5 bats
  A frilled lizard (D:1)
  2 goblins (D:1)
  7 rats (D:1)
32 creatures vanquished.

Notes
Turn   | Place    | Note
-------+----------+-------------------------------------------
     0 | D:1      | Demosthentine the Demonspawn Gladiator began the quest for
                  | the Orb.
     0 | D:1      | Reached XP level 1. HP: 16/16 MP: 1/1
   112 | D:1      | Gained mutation: You may rarely emit foul miasma when
                  | damaged in melee. [demonic ancestry]
   112 | D:1      | Reached XP level 2. HP: 22/22 MP: 2/2
   546 | D:1      | Reached skill level 1 in Armour
   546 | D:1      | Gained mutation: You are partially covered in razor-sharp
                  | scales. (AC +1, Slay +1) [demonic ancestry]
   546 | D:1      | Reached XP level 3. HP: 28/28 MP: 3/3
   888 | D:2      | HP: 1/28 [gnoll/+0 spear (6)]
   889 | D:2      | Mangled by a gnoll

Illustrated notes

Levels and vault maps discovered:
D:1:      wander_arrival_fairy_ring, layout_basic
D:2:      layout_basic, basic_altar

Skill      XL: |  1  2 |
---------------+-------+-----
Polearms       | 3 |  3.1
Dodging        | 3 |  3.1
Armour         | 1 |  1.2
Fighting       | |  2.5
Throwing       | |  1.7

Action                     || total
---------------------------++-------
  Melee: Trident           ||    97
         Punch             ||     1
    Use: Scroll            ||     3
   Stab: Sleeping          ||     4
 Armour: Leather armour    ||    32
  Dodge: Dodged            ||    50
